 Dungeon Crawl Stone Soup version 0.30.1-11-g7821555f0a (webtiles) character file.

Game seed: 6996290962737406292

383 pkoi the Conjurer (level 6, -4/45 HPs)
             Began as a Draconian Hedge Wizard on Nov 16, 2023.
             Was an Initiate of Ru.
             Slain by an iguana (8 damage)
             ... on level 4 of the Dungeon.
             The game lasted 00:06:33 (4640 turns).

pkoi the Conjurer (Draconian Hedge Wizard)          Turns: 4640, Time: 00:06:34

Health: -4/45      AC:  6    Str: 18    XL:     6   Next: 47%
Magic:  6/10       EV: 12    Int: 17    God:    Ru [......]
Gold:   245        SH:  0    Dex: 10    Spells: 5/11 levels left

rFire   . . .        e - +1 spear (venom)
rCold   . . .        (no shield)
rNeg    . . .        (body armour unavailable)
rPois   .            b - +0 hat
rElec   .            (no cloak)
rCorr   .            (no gloves)
SInv    .            (no boots)
Will    +....        (no amulet)
Stlth   ++           f - ring of willpower
HPRegen 0.27/turn    p - +6 ring of strength
MPRegen 0.12/turn

%: no passive effects
@: weakened
A: AC +6, unfitting armour, cold-blooded
a: Renounce Religion


You were on level 4 of the Dungeon.
You worshipped Ru.
Ru was noncommittal.
You visited 1 branch of the dungeon, and saw 5 of its levels.

You collected 245 gold pieces.

Inventory:

Hand Weapons
 e - a +1 spear of venom (weapon)
Armour
 b - a +0 hat (worn)
Jewellery
 f - a ring of willpower (left hand)
 p - a +6 ring of strength (right hand)
Wands
 a - a wand of acid (8)
Scrolls
 d - 2 scrolls of amnesia
 h - 5 scrolls of magic mapping
 q - a scroll of enchant weapon
Potions
 c - a potion of magic
 j - 5 potions of curing
 m - a potion of haste
 o - 2 potions of brilliance
 r - a potion of heal wounds
 s - a potion of ambrosia


   Skills:
 - Level 1.7 Dodging
 - Level 1.7 Stealth
 - Level 3.0 Spellcasting
 + Level 5.9 Conjurations
 - Level 1.0 Summonings
 + Level 3.1 Translocations


You had 5 spell levels left.
You knew the following spells:

 Your Spells              Type           Power      Damage    Failure   Level
a - Magic Dart            Conj           88%        1d7       1%          1
b - Blink                 Tloc           26%        N/A       8%          2
c - Mephitic Cloud        Conj/Pois/Air  9%         N/A       24%         3

Your spell library contained the following spells:

 Spells                   Type           Power      Damage    Failure   Level
 Beastly Appendage        Tmut           4%         N/A       17%         1
 Slow                     Hex            8%         N/A       17%         1
 Call Imp                 Summ           10%        N/A       17%         2
 Cigotuvi's Dreadful Rot  Necr/Pois/Air  4%         N/A       26%         2
 Wereblood                Tmut           2%         N/A       26%         2
 Ozocubu's Armour         Ice            2%         N/A       45%         3
 Spider Form              Tmut/Pois      2%         N/A       45%         3
 Metabolic Englaciation   Hex/Ice        1%         N/A       99%         5
 Simulacrum               Ice/Necr       1%         N/A       100%        6


Dungeon Overview and Level Annotations

Branches:
Dungeon (5/15)
 Temple: D:4-7

Altars:
Dithmenos
Makhleb
Ru
Yredelemnul
Zin


Innate Abilities, Weirdness & Mutations

Your plain brown scales are hard. (AC +6)
You cannot fit into any form of body armour.
You are cold-blooded and may be slowed by cold attacks.


Message History

Unknown command.
Aiming: Magic Dart (safe; 1% risk of failure)
Press: ? - help, Q - select action, (/) - cycle Shift-Dir - straight line, f/p - iguana
Aim: an iguana (100% to hit)
The magic dart hits the iguana but does no damage.
The iguana bites you.
The gnoll bouda gazes fiercely through you!
You feel your attacks grow feeble. The iguana closely misses you.
The gnoll bouda barks out a call to the hunt!
The gnoll picks up the pace!
You climb upwards.
There is a stone staircase leading down here.
Unknown command.
Unknown command.
You barely miss the iguana. You tail-slap the iguana.
The iguana is lightly wounded.
The iguana bites you.
You hit the iguana but do no damage.
The iguana is poisoned.
The iguana is lightly wounded.
The iguana bites you!
You hit the iguana.
The iguana looks as sick as possible!
You tail-slap the iguana.
The iguana is heavily wounded.
The iguana bites you!
* * * LOW HITPOINT WARNING * * *
You barely miss the iguana.
The iguana is heavily wounded.
The iguana bites you.
* * * LOW HITPOINT WARNING * * *
The iguana bites you!
* * * LOW HITPOINT WARNING * * *
Unknown command.
Aiming: Magic Dart (safe; 1% risk of failure)
Press: ? - help, Q - select action, (/) - cycle Shift-Dir - straight line, f - iguana
Aim: an iguana (severely wounded, extremely poisoned, 100% to hit)
The magic dart hits the iguana but does no damage.
The iguana is severely wounded.
The iguana bites you!
You die...

## .## ..## ...##
###### ### ....#
###....### #.# ....#
#........###.# ....#
##.........##.# ...##
#.........@.#.# ..##
#.........l...# #.#
#.............#
#.#####.............#
#.........<.......#.##
.######..........###.#
.# ##..........# #.##
## ##..........## ##.#
.# ##...........# #.##


You could see an iguana (extremely poisoned).

Vanquished Creatures
  A phantom (D:5)
  A jelly (D:4)
  An orc priest (D:3)
  An iguana (D:5)
  2 orc wizards (D:5)
  A hound zombie (D:3)
  4 gnolls
  3 adders
  A shadow imp (D:4)
  An adder zombie (D:3)
  2 dart slugs
  11 orcs
  4 ball pythons
  2 endoplasms
  2 giant cockroaches
  7 goblins
  4 hobgoblins
  9 jackals
  2 quokkas
  A ball python zombie (D:3)
  4 bats
  5 frilled lizards
  7 kobolds
  2 rats
78 creatures vanquished.

Notes
Turn   | Place    | Note
-------+----------+-------------------------------------------
     0 | D:1      | pkoi the Draconian Hedge Wizard began the quest for the
                  | Orb.
     0 | D:1      | Reached XP level 1. HP: 14/14 MP: 4/4
   410 | D:1      | Reached skill level 2 in Conjurations
   446 | D:1      | Reached XP level 2. HP: 20/20 MP: 3/6
   592 | D:1      | Learned a level 2 spell: Blink
  1227 | D:2      | Reached skill level 3 in Conjurations
  1227 | D:2      | Reached XP level 3. HP: 26/26 MP: 3/7
  1927 | D:2      | Reached XP level 4. HP: 17/33 MP: 2/8
  1937 | D:2      | Reached skill level 4 in Conjurations
  2438 | D:3      | Reached XP level 5. HP: 38/38 MP: 6/9
  2524 | D:3      | Reached skill level 5 in Conjurations
  2588 | D:3      | Found a basalt altar of Yredelemnul.
  2684 | D:3      | Learned a level 3 spell: Mephitic Cloud
  2790 | D:3      | Found a burning altar of Makhleb.
  2795 | D:3      | Found a glowing silver altar of Zin.
  2795 | D:3      | Noticed an angel
  2796 | D:3      | Noticed a green death
  3178 | D:4      | Found a sacrificial altar of Ru.
  3287 | D:4      | Became a worshipper of Ru the Awakened
  4073 | D:5      | Entered Level 5 of the Dungeon
  4270 | D:5      | Found a shadowy altar of Dithmenos.
  4339 | D:5      | Reached XP level 6. HP: 41/45 MP: 1/10
  4640 | D:4      | Slain by an iguana

Illustrated notes

Levels and vault maps discovered:
D:1:      lightli_molten_gateway, layout_loops_cross,
          minmay_misc_feat_more_columns, minmay_pentomino_s4
D:2:      layout_basic
D:3:      layout_rooms, grunt_temple_overflow_order_and_chaos_2,
          nicolae_yredelemnul_corpse_copse, chequers_mini_garden
D:4:      nicolae_cairo_tiling, layout_cave_pods, lemuel_doored_altar
D:5:      layout_loops_ring, kennysheep_mini_moat, grunt_temple_overflow_open,
          uniq_eustachio

Skill      XL: |  1  2  3  4  5  6 |
---------------+-------------------+-----
Conjurations   | 2 3 4 5 |  5.9
Translocations | 2 3 |  3.1
Dodging        | |  1.7
Stealth        | |  1.7
Spellcasting   | |  3.0
Summonings     | |  1.0

Action                     |  1- 3 |  4- 6 || total
---------------------------+-------+-------++-------
  Melee: Dagger            |    35 |     1 ||    36
         Tailslap          |     1 |     6 ||     7
         Spear             |       |    45 ||    45
   Cast: Magic Dart        |    78 |   118 ||   196
    Use: Scroll            |     7 |     7 ||    14
         Potion            |     2 |     4 ||     6
 Armour: Skin              |     7 |    20 ||    27
  Dodge: Dodged            |    34 |    39 ||    73
